 Dungeon Crawl Stone Soup version 0.27.1-33-g824d729ab1 (webtiles) character file.

Game seed: 17522855816834039244

959 pkoi the Grappler (level 7, -3/57 HPs)
             Began as a Purple Draconian Monk on Dec 16, 2021.
             Slain by a killer bee (5 damage)
             ... on level 6 of the Dungeon.
             The game lasted 00:07:14 (7645 turns).

pkoi the Grappler (Purple Draconian Monk)           Turns: 7645, Time: 00:07:14

Health: -3/57      AC:  7    Str: 20    XL:     7   Next: 92%
Magic:  10/11      EV: 12    Int: 12    God:
Gold:   277        SH:  0    Dex: 13    Spells: 8/11 levels left

rFire    . . .     SeeInvis .     - Unarmed
rCold    . . .     Faith    .   (no shield)
rNeg     . . .     Spirit   .   (armour unavailable)
rPois    .         Reflect  .   (helmet restricted)
rElec    .         Harm     .   e - +0 cloak
rCorr    .         Rampage  .   (no gloves)
Will     +....                  (no boots)
Stlth    ++........             (no amulet)
HPRegen  0.19/turn              r - +6 ring of strength
MPRegen  0.12/turn              (no ring)

@: no status effects
A: breathe power, AC +6, unfitting armour, cold-blooded
a: Breathe Dispelling Energy


You were on level 6 of the Dungeon.
You visited 1 branch of the dungeon, and saw 6 of its levels.

You collected 277 gold pieces.

Inventory:

Hand Weapons
 a - a +5 dagger of electrocution
 i - a +0 dagger of venom
Missiles
 s - 29 poisoned darts (quivered)
Armour
 e - a +0 cloak (worn)
Jewellery
 r - a +6 ring of strength (left hand)
Wands
 g - a wand of iceblast (10)
Scrolls
 b - 2 scrolls of identify
 c - 2 scrolls of enchant armour
 h - 2 scrolls of teleportation
 p - 2 scrolls of summoning
Potions
 d - a potion of heal wounds {unknown}
 m - 2 potions of curing
 o - a potion of might
 q - a potion of mutation {unknown}
 t - a potion of lignification {unknown}


   Skills:
 - Level 3.2 Fighting
 - Level 2.6 Dodging
 - Level 1.7 Stealth
 + Level 8.7 Unarmed Combat
 + Level 2.7 Spellcasting
 + Level 2.8 Hexes


You had 8 spell levels left.
You knew the following spells:

 Your Spells              Type           Power      Damage    Failure   Level
a - Confusing Touch       Hex            8%         N/A       24%         3

Your spell library contained the following spells:

 Spells                   Type           Power      Damage    Failure   Level
 Slow                     Hex            8%         N/A       12%         2
 Conjure Flame            Conj/Fire      1%         6-21      58%         3
 Ignite Poison            Fire/Tmut/Pois 1%         N/A       58%         3
 Sticky Flame             Conj/Fire      1%         2d3       94%         4
 Yara's Violent Unravell  Hex/Tmut       2%         3d3       98%         5


Dungeon Overview and Level Annotations

Branches:
Dungeon (6/15)             Temple (0/1) D:6

Altars:
Cheibriados
Elyvilon
Vehumet

Shops:
D:1 ![*=   D:5 *

Annotations:
D:5 Pikel


Innate Abilities, Weirdness & Mutations

You can breathe bolts of dispelling energy.
Your rich purple scales are hard. (AC +6)
You cannot fit into any form of body armour.
You are cold-blooded and may be slowed by cold attacks.


Message History

* * * LOW HITPOINT WARNING * * *
You closely miss the killer bee.
Your tail-slap misses the killer bee.
The killer bee is almost dead.
You feel sick. The killer bee barely misses you.
Unknown command.
You closely miss the killer bee.
Your tail-slap misses the killer bee.
The killer bee is almost dead.
You feel sick. The killer bee misses you.
The killer bee stings you but does no damage.
You barely miss the killer bee.
Your tail-slap misses the killer bee.
The killer bee is almost dead.
You feel sick. The killer bee barely misses you.
The killer bee stings you but does no damage.
You punch the killer bee!
You kill the killer bee!
You feel sick. The killer bee barely misses you.
You barely miss the killer bee.
You feel sick.
You are no longer poisoned.
The killer bee closely misses you.
You miss the killer bee. The killer bee stings you.
* * * LOW HITPOINT WARNING * * *
You are poisoned.
The killer bee poisons you! The killer bee stings you.
* * * LOW HITPOINT WARNING * * *
A gnoll comes into view. It is wielding a +0 spear.
The goblin zaps a wand.
The puff of flame hits you!
* * * LOW HITPOINT WARNING * * *
It was a potion of curing.
You feel better.
You have got your breath back.
The gnoll shouts!
The killer bee stings you.
* * * LOW HITPOINT WARNING * * *
The killer bee stings you!
* * * LOW HITPOINT WARNING * * *
The goblin zaps a wand.
The puff of flame hits you but does no damage.
It was a potion of cancellation.
You feel magically purged.
The killer bee stings you but does no damage.
The killer bee stings you.
You die...

#######.#.###.#.#
##########....##.#...#.#.#
..(...........##.#.....#.#
.#............##.#.#.#.#.#
y.............##.#.#.#.#.#
._.#.........g...#.#.###.####
...................#........#
.#.........##...#########.###
.........?.y@...'............
###.#########...#########..#)
# #...# #....#[
#########...###.###.#.##.
....................#....
.............g....# ####.
..#......####..... ...#.
#................. .....
#................. ......


You could see a killer bee, a gnoll and a goblin.

Vanquished Creatures
  4 ogres
  3 lemures
  A wyvern zombie (D:6)
  A scorpion (D:5)
  A killer bee (D:6)
  2 centaur zombies (D:5)
  3 orc priests
  A hound (D:6)
  An iguana (D:5)
  2 orc wizards
  2 gnolls (D:6)
  9 adders
  An ufetubus (D:3)
  An adder skeleton (D:4)
  3 dart slugs
  13 orcs
  5 endoplasms
  4 giant cockroaches
  10 goblins
  6 hobgoblins
  3 jackals (D:2)
  A quokka (D:1)
  4 ball pythons
  7 bats
  4 frilled lizards
  11 kobolds
  4 rats
107 creatures vanquished.

Notes
Turn   | Place    | Note
-------+----------+-------------------------------------------
     0 | D:1      | pkoi the Draconian Monk began the quest for the Orb.
     0 | D:1      | Reached XP level 1. HP: 19/19 MP: 1/1
   140 | D:1      | Found Raotwes's Jewellery Shoppe.
   183 | D:1      | Found Plog's Assorted Antiques.
   201 | D:1      | Reached XP level 2. HP: 26/26 MP: 2/2
   341 | D:1      | Found Veatt's General Store.
   511 | D:1      | Reached skill level 4 in Unarmed Combat
   729 | D:1      | Reached XP level 3. HP: 31/31 MP: 3/3
   945 | D:1      | Found Vialopi's Distillery.
  1713 | D:2      | Reached XP level 4. HP: 38/38 MP: 4/4
  1716 | D:2      | Reached skill level 5 in Unarmed Combat
  1728 | D:2      | Found a faded altar of an unknown god.
  2687 | D:3      | Reached XP level 5. HP: 43/45 MP: 5/5
  2692 | D:3      | Reached skill level 6 in Unarmed Combat
  3328 | D:4      | Found a snail-covered altar of Cheibriados.
  3434 | D:4      | Noticed an ogre
  4243 | D:5      | Entered Level 5 of the Dungeon
  4505 | D:5      | Found Fecuak's General Store.
  4589 | D:5      | Noticed a yak
  4590 | D:5      | Noticed a komodo dragon
  4682 | D:5      | Reached XP level 6. HP: 47/51 MP: 6/6
  4727 | D:5      | Found a white marble altar of Elyvilon.
  4735 | D:5      | Reached skill level 7 in Unarmed Combat
  5487 | D:5      | Noticed Pikel
  6083 | D:4      | Reached skill level 8 in Unarmed Combat
  6083 | D:4      | Your scales start taking on a rich purple colour.
  6083 | D:4      | Reached XP level 7. HP: 57/57 MP: 7/7
  6508 | D:4      | Learned a level 3 spell: Confusing Touch
  6714 | D:5      | Reached skill level 1 in Spellcasting
  6714 | D:5      | Reached skill level 1 in Hexes
  6919 | D:6      | Found a staircase to the Ecumenical Temple.
  7625 | D:6      | Found a radiant altar of Vehumet.
  7644 | D:6      | HP: 2/57 [killer bee (7)]
  7645 | D:6      | Slain by a killer bee

Illustrated notes

Levels and vault maps discovered:
D:1:      dpeg_arrival_orchard, layout_basic, serial_shops,
          nicolae_shop_competitors_out_of_business, nicolae_shop_behind_doors,
          nicolae_shop_stone, nicolae_shop_crystal, nicolae_shop_stone,
          minmay_pentomino_v4
D:2:      layout_rooms, shapermc_ecumenical_altar_ellora
D:3:      layout_basic, corner_web_ring
D:4:      layout_layer_cave, mainiacjoe_overflow_alcove_1
D:5:      layout_gridville, nicolae_elyvilon_peaceful_grove, serial_shops, shop,
          mrwooster_statue_mirror, minivault_1, lightli_corner_chamber,
          uniq_pikel
D:6:      layout_basic, lightli_temple_of_fire, vehumet_altar_wand_db,
          nicolae_ru_the_path_less_chosen, minmay_temple_entry_from_below_a,
          serial_shops, shop_statue, minmay_pentangle

Skill      XL: |  1  2  3  4  5  6  7 |
---------------+----------------------+-----
Unarmed Combat | 4 5 6 8 |  8.7
Spellcasting   | 2 |  2.7
Hexes          | 2 |  2.8
Fighting       | |  3.2
Dodging        | |  2.6
Stealth        | |  1.7

Action                   |  1- 3 |  4- 6 |  7- 9 || total
-------------------------+-------+-------+-------++-------
Melee: Dagger            |    88 |   151 |       ||   239
       Unarmed           |     5 |    58 |    59 ||   122
       Tailslap          |    14 |    29 |     9 ||    52
       Punch             |     1 |     8 |     2 ||    11
Throw: Dart              |       |     4 |       ||     4
 Abil: Breathe Dispellin |       |       |     1 ||     1
  Use: Scroll            |       |    15 |       ||    15
       Potion            |       |       |     2 ||     2
 Stab: Sleeping          |     4 |     6 |     1 ||    11
Armor: Skin              |    34 |    80 |    12 ||   126
Dodge: Dodged            |    60 |   126 |    36 ||   222
